 Dungeon Crawl Stone Soup version 0.17-a0-2055-gb4e23be (console) character file.

102 nht the Cutter (level 4, 0/33 HPs)
             Began as a Merfolk Assassin on Oct 11, 2015.
             Was a Follower of Ashenzari.
             Slain by a mummy (14 damage)
             ... in an ossuary.
             The game lasted 00:04:11 (2272 turns).

nht the Cutter (Merfolk Assassin)                   Turns: 2272, Time: 00:04:11

Health: 0/33       AC:  3    Str: 11      XL:     4   Next: 78%
Magic:  4/4        EV: 12    Int:  8 (10) God:    Ashenzari [*.....]
Gold:   193        SH:  0    Dex: 16      Spells: 0 memorised, 3 levels left

rFire  . . .     SeeInvis .     a - +2 dagger
rCold  . . .     Clarity  .     c - +0 robe
rNeg   . . .     SustAt   .     (no shield)
rPois  .         Gourm    .     s - +0 hat
rElec  .         Spirit   .     d - +0 cloak
rCorr  .         Warding  .     (no gloves)
rMut   .         Stasis   .     (no boots)
MR     .....                    (no amulet)
Stlth  +.........               (no ring)
                                (no ring)

@: confused, not resistant to hostile enchantments, very unstealthy
A: change form in water, swift swim
a: Scrying, Renounce Religion


You were in an ossuary.
You worshipped Ashenzari.
Ashenzari was aware of your devotion.
You were hungry.

You visited 1 branch of the dungeon, and saw 4 of its levels.
You also visited: Ossuary.

You collected 193 gold pieces.

Inventory:

Hand Weapons
 a - a +2 dagger (weapon)
 b - a +0 blowgun
Missiles
 e - 8 poisoned needles
 f - 10 curare-tipped needles
 n - 12 javelins (quivered)
Armour
 c - a +0 robe (worn)
 d - a +0 cloak (worn)
 s - a +0 hat (worn)
Scrolls
 j - a scroll of random uselessness {unknown}
 k - 3 scrolls of identify {unknown}
 l - a scroll of noise {unknown}
 p - a scroll of recharging {unknown}
 q - 2 scrolls of blinking {unknown}
 t - 3 scrolls of remove curse
 v - 2 scrolls of teleportation {unknown}
 x - a scroll of enchant armour {unknown}
 y - a scroll of enchant weapon {unknown}
 A - a scroll of fear {unknown}
Potions
 i - a potion of curing
 o - a potion of resistance
 z - a potion of magic
Comestibles
 g - a bread ration
 h - 2 meat rations
 m - a beef jerky


   Skills:
 - Level 2.1 Fighting
 + Level 5.8 Short Blades
 - Level 2.0 Throwing
 - Level 1.3 Dodging
 - Level 4.3 Stealth


You had 3 spell levels left.
You didn't know any spells.

Dungeon Overview and Level Annotations

Branches:
Dungeon (4/15)
 Temple: D:4-7

Altars:
Ashenzari
Fedhas


Message History

You hit the mummy but do no damage.
The mummy is moderately damaged.
The mummy completely misses you.
You hit the mummy.
The mummy is heavily damaged.
An arrow hits the hobgoblin zombie!
You hit the mummy but do no damage.
The mummy is heavily damaged.
Your resistance to elements expires.
You hit the mummy but do no damage.
The mummy is heavily damaged.
The mummy hits you.
* * * LOW HITPOINT WARNING * * *
Drink which item? (? for menu, Esc to quit)
You are confused.
You feel invigorated.
You closely miss the mummy.
The mummy is heavily damaged.
The mummy hits you!
You die...

█∩.██.........∩∩...
█..██..............
█..█...............
█..................
█..................
█.....██.........ZZ
█.....██.......Z...
█.Z................
█ZZ.^..............
█M██^........█████.
█!@█^..............
█!!█...........∩...


███████████████████ You could see a mummy, an adder zombie, a hobgoblin zombie
and an elf zombie.

Vanquished Creatures
  3 adders
  3 orcs (D:3)
  6 giant cockroaches
  6 goblins
  8 hobgoblins
  7 jackals
  7 kobolds
  9 bats
  3 giant geckos
  4 giant newts
  A jackal zombie (Ossuary)
  6 rats
63 creatures vanquished.

Vanquished Creatures (others)
  A jackal zombie (Ossuary)
1 creature vanquished.

Grand Total: 64 creatures vanquished

Notes
Turn   | Place    | Note
--------------------------------------------------------------
     0 | D:1      | nht the Merfolk Assassin began the quest for the Orb.
     0 | D:1      | Reached XP level 1. HP: 16/16 MP: 1/1
   118 | D:1      | Reached XP level 2. HP: 9/22 MP: 2/2
   358 | D:1      | Reached XP level 3. HP: 20/27 MP: 3/3
   913 | D:2      | Found a faded altar to an unknown god.
   944 | D:2      | Became a worshipper of Ashenzari the Shackled
   944 | D:2      | Acquired Ashenzari's first power
  1117 | D:2      | Reached skill level 5 in Short Blades
  1120 | D:2      | Reached XP level 4. HP: 33/33 MP: 4/4
  1910 | D:3      | Found a blossoming altar of Fedhas.
  2135 | D:4      | Found a sand-covered staircase.
  2150 | Ossuary  | Entered an ossuary
  2272 | Ossuary  | Slain by a mummy

Vault maps used:
D:1:      minmay_arrival_jagged, minmay_misc_feat_x, grunt_decor_one_mirror,
          minmay_quantized
D:2:      minmay_door_path, ecumenical_altar_2
D:3:      lemuel_round_altar, minmay_cut_off
D:4:      lightli_ossuary_entry_decrepit_ruins, uniq_pikel
Ossuary:  ossuary_minmay_tomb_2a

Action                   |  1- 3 |  4- 6 || total
-------------------------+-------+-------++-------
Melee: Dagger            |   114 |   108 ||   222
  Use: Potion            |       |     8 ||     8
 Stab: Sleeping          |    18 |     6 ||    24
       Distracted        |       |     1 ||     1
  Eat: Chunk             |       |     2 ||     2
       Beef jerky        |       |     1 ||     1
